 Dungeon Crawl Stone Soup version 0.30-a0-618-gd6c86c23d0 (webtiles) character file.

Game seed: 18322047689673722117

545 Dirtsage the Cudgeller (level 7, -8/54 HPs)
             Began as a Demonspawn Fighter on Jan 9, 2023.
             Was a Follower of Qazlal.
             Killed by divine providence
             ... invoked by an orc priest
              (14 damage)
             ... on level 5 of the Dungeon.
             The game lasted 00:08:16 (3829 turns).

Dirtsage the Cudgeller (Demonspawn Fighter)         Turns: 3829, Time: 00:08:17

Health: -8/54      AC: 14    Str: 18    XL:     7   Next: 6%
Magic:  9/9        EV: 11    Int:  9    God:    Qazlal [*.....]
Gold:   120        SH:  6    Dex: 13    Spells: 6/6 levels left

rFire   . . .      SeeInvis .    a - +0 flail
rCold   . . .      Faith    .    c - +0 buckler
rNeg    + . .      Spirit   .    p - +4 chain mail {rPois}
rPois   +          Reflect  .    w - +0 helmet
rElec   .          Harm     .    (no cloak)
rCorr   .          Rampage  .    (no gloves)
Will    .....                    (boots unavailable) Stlth
                                 (no amulet)
HPRegen 0.29/turn                N - ring of positive energy
MPRegen 0.11/turn                b - +5 ring of evasion

@: flying
A: hooves 3, powered by pain 1
a: Renounce Religion


You were on level 5 of the Dungeon.
You worshipped Qazlal.
Qazlal was aware of your devotion.
You visited 2 branches of the dungeon, and saw 6 of its levels.
You also visited: Sewer.

You collected 247 gold pieces.
You spent 127 gold pieces at shops.

Inventory:

Hand Weapons
 a - a +0 flail (weapon)
 y - a +0 morningstar
Missiles
 f - 5 atropa-tipped darts (quivered)
 m - a throwing net
 r - 5 curare-tipped darts
Armour
 c - a +0 buckler (worn)
 p - a +4 chain mail of poison resistance (worn)
 w - a +0 helmet (worn)
Jewellery
 b - a +5 ring of evasion (right hand)
 x - a ring of fire
 N - a ring of positive energy (left hand)
 W - a ring of wizardry
Scrolls
 i - a scroll of brand weapon {unknown}
 j - a scroll of enchant armour {unknown}
 n - a scroll of vulnerability {unknown}
 o - 3 scrolls of blinking {unknown}
 s - a scroll of poison {unknown}
 t - 2 scrolls of teleportation {unknown}
 z - a scroll of enchant weapon {unknown}
 A - a scroll of fog {unknown}
 B - 2 scrolls of magic mapping {unknown}
 C - 4 scrolls of identify {unknown}
Potions
 d - 2 potions of might
 e - 2 potions of curing {unknown}
 g - 3 potions of attraction {unknown}
 h - 3 potions of haste
 k - 2 potions of heal wounds {unknown}
 l - a potion of cancellation {unknown}
 q - a potion of resistance {unknown}
 v - 5 potions of flight


   Skills:
 + Level 4.0 Fighting
 * Level 5.6 Maces & Flails
 + Level 2.2 Throwing
 - Level 2.6 Armour
 - Level 2.6 Shields
 + Level 2.7 Invocations


You had 6 spell levels left.
You didn't know any spells.
Your spell library contained the following spells:

 Spells                   Type           Power      Damage    Failure   Level
 Magic Dart               Conj           0%         1d3       100%        1
 Sting                    Tmut/Pois      0%         1d3       100%        1
 Call Imp                 Summ           0%         N/A       100%        2
 Poisonous Vapours        Pois/Air       0%         N/A       100%        2
 Mephitic Cloud           Conj/Pois/Air  0%         N/A       100%        3
 Portal Projectile        Hex/Tloc       0%         N/A       100%        3
 Tukima's Dance           Hex            0%         N/A       100%        3
 Olgreb's Toxic Radiance  Pois           0%         N/A       100%        4
 Blade Hands              Tmut           0%         N/A       100%        5
 Iskenderun's Battlesphe  Conj           0%         2d6       100%        5
 Iron Shot                Conj/Erth      0%         9d1       100%        6
 Spellforged Servitor     Conj/Summ      0%         N/A       100%        7


Dungeon Overview and Level Annotations

Branches:
Dungeon (5/15)             Temple (1/1) D:4           Sewer (visited)

Altars:
Ashenzari
Cheibriados
Dithmenos
Fedhas
Hepliaklqana
Nemelex Xobeh
Okawaru
Qazlal
Uskayaw
Vehumet
Xom

Shops:
D:2 [

Annotations:
D:3 3 runed translucent doors, NoAnimeNoLife's ghost, amateur TeAE


Innate Abilities, Weirdness & Mutations

You have hooves in place of feet.
You sometimes gain a little power by taking damage.


Message History

The orc hits you but does no damage. You block the orc priest's attack.
The orc priest hits you but does no damage.
You hit the orc priest.
The orc priest is severely wounded.
The orc hits you but does no damage.
The orc priest mumbles some strange prayers to Beogh against you.
You struggle to resist.
An orc comes into view. It is wielding a +0 club.
The orc priest closely misses you.
You hit the orc priest.
The orc priest is almost dead.
The orc hits you but does no damage.
The orc priest hits you but does no damage.
You are electrocuted!
The orc priest hits you but does no damage.
You take 16 damage, and have 20/54 hp.
MASSIVE DAMAGE!!
You sock the orc priest!
You kill the orc priest!
Qazlal accepts your kill. You block the orc's attack.
The orc priest closely misses you.
You barely miss the orc priest. The orc hits you but does no damage.
You block the orc priest's attack.
You closely miss the orc priest. Your kick misses the orc priest.
You block the orc's attack.
The orc priest hits you but does no damage.
You are electrocuted!
* * * LOW HITPOINT WARNING * * *
You focus on the pain.
You feel your power returning.
You take 14 damage, and have 6/54 hp.
MASSIVE DAMAGE!!
MP restored: 9 You hit the orc priest.
The orc priest is lightly wounded.
You block the orc's attack. You block the orc priest's attack.
The orc barely misses you.
It was a potion of flight.
You feel very buoyant.
You fly up into the air.
You block the orc's attack.
The orc priest invokes the aid of Beogh against you.
Beogh smites you!
You die...

#..## #...# #...#....
#...#.... ##+#
#...#....##..##
#####...#.....#...#
#..##...#.....#...#
...)..<.#....##○.####
........#....##o@...#
#####...#......o○o.##
#...#..........#
#..#####'##....#
#.o##....##....#
#.........#....#
#........##...##
#.........#####
o?o...$##.....


You could see an orc priest and 2 orcs.

Vanquished Creatures
  A scorpion (D:4)
  A necrophage (D:4)
  An orc priest (D:5)
  A hound (D:4)
  An iguana (D:5)
  2 orc wizards
  3 gnolls (D:2)
  9 adders
  5 river rats (Sewer)
  A shadow imp (D:5)
  2 ufetubi (D:4)
  2 dart slugs
  4 worms
  6 orcs
  6 bats
  11 endoplasms
  2 giant cockroaches (D:3)
  8 goblins
  4 hobgoblins
  4 jackals
  4 quokkas
  14 ball pythons
  15 frilled lizards
  3 kobolds
  13 rats
123 creatures vanquished.

Vanquished Creatures (others)
  A fungus (D:3)
  3 plants (D:3)
4 creatures vanquished.

Grand Total: 127 creatures vanquished

Notes
Turn   | Place    | Note
-------+----------+-------------------------------------------
     0 | D:1      | Dirtsage the Demonspawn Fighter began the quest for the
                  | Orb.
     0 | D:1      | Reached XP level 1. HP: 18/18 MP: 1/1
    45 | D:1      | Reached skill level 2 in Maces & Flails
   171 | D:1      | Gained mutation: You have large cloven feet. [demonic
                  | ancestry]
   171 | D:1      | Reached XP level 2. HP: 18/24 MP: 2/2
   711 | D:2      | Reached skill level 3 in Maces & Flails
   764 | D:2      | Reached XP level 3. HP: 24/29 MP: 3/3
  1081 | D:2      | Gained mutation: You have hoof-like feet. [demonic
                  | ancestry]
  1081 | D:2      | Reached XP level 4. HP: 32/35 MP: 4/4
  1086 | D:2      | Reached skill level 4 in Maces & Flails
  1164 | D:2      | Found Nemoozos's Antique Armour Shoppe.
  1347 | D:2      | Bought a shiny chain mail for 127 gold pieces
  1828 | D:3      | Found a runed translucent gate.
  1829 | D:3      | Found a runed translucent gate.
  1830 | D:3      | Found a runed translucent gate.
  1831 | D:3      | Noticed a kobold brigand
  1832 | D:3      | Noticed NoAnimeNoLife's ghost (amateur TeAE)
  1970 | D:3      | Gained mutation: You sometimes gain a little power by
                  | taking damage. [demonic ancestry]
  1970 | D:3      | Reached XP level 5. HP: 41/41 MP: 5/5
  2151 | D:3      | Found a broken altar of Ashenzari.
  2179 | D:3      | Reached skill level 1 in Throwing
  2561 | D:4      | Found a staircase to the Ecumenical Temple.
  2571 | Temple   | Entered the Ecumenical Temple
  2577 | Temple   | Became a worshipper of Qazlal Stormbringer
  2768 | D:4      | Reached skill level 5 in Maces & Flails
  2768 | D:4      | Reached skill level 1 in Invocations
  2846 | D:4      | Gained mutation: You have hooves in place of feet. [demonic
                  | ancestry]
  2846 | D:4      | Reached XP level 6. HP: 37/47 MP: 5/7
  2872 | D:4      | Found a glowing drain.
  2910 | Sewer    | Entered a sewer
  3060 | Sewer    | Reached * piety under Qazlal
  3599 | D:5      | Entered Level 5 of the Dungeon
  3720 | D:4      | Reached XP level 7. HP: 26/54 MP: 8/8
  3829 | D:5      | Killed from afar by an orc priest

Illustrated notes

Levels and vault maps discovered:
D:1:      minmay_arrival_four_circles, layout_basic, dk_noncrumbling_2
D:2:      layout_basic, serial_shops, nicolae_shop_overgrown_old_shop,
          minmay_shallow_snake_nest
D:3:      layout_basic, mainiacjoe_overflow_small_starburst,
          gammafunk_ghost_nasty_kobolds
D:4:      layout_cave_pools, minmay_temple_entry_offerings,
          cheibrodos_sewer_entry_bend
D:5:      layout_gridville, serial_shops, nicolae_shop_trees
Temple:   eino_narrow_crystal_temple

Skill      XL: |  1  2  3  4  5  6 |
---------------+-------------------+-----
Maces & Flails | 2 3 4 5 |  5.6
Throwing       | 1 2 |  2.2
Invocations    | 1 2 |  2.7
Fighting       | 4 |  4.0
Armour         | |  2.6
Shields        | |  2.6

Action                   |  1- 3 |  4- 6 |  7- 9 || total
-------------------------+-------+-------+-------++-------
Melee: Flail             |    93 |   255 |    11 ||   359
       Kick              |    16 |    56 |     3 ||    75
  Use: Potion            |       |       |     1 ||     1
Armor: Scale mail        |    39 |     5 |       ||    44
       Chain mail        |       |   184 |     9 ||   193
Dodge: Dodged            |    46 |    97 |     4 ||   147
Block: Buckler           |    26 |    81 |     9 ||   116

Table legend: (Time is in decaauts)
 A = Elapsed time spent in this place.
 B = Non-inter-level travel time spent in this place.
 C = Inter-level travel time spent in this place.
 D = Time resting spent in this place.
 E = Time spent auto-exploring this place.
 F = Levels seen in this place.
 G = Mean time per level.
                   A        B        C        D        E       F      G
               +--------+--------+--------+--------+--------+-----+--------+
         Total |   3969 |   3838 |    131 |    151 |   2717 |   7 |  567.0 |
       Dungeon |   3397 |   3273 |    124 |     95 |   2422 |   5 |  679.4 |
        Temple |     91 |     84 |      7 |      0 |     73 |   1 |   91.0 |
         Sewer |    479 |    479 |      0 |     56 |    222 |   1 |  479.0 |
               +--------+--------+--------+--------+--------+-----+--------+

Top non-repeatable levels by time:
     D:3: 915 daAuts
     D:2: 882 daAuts
     D:4: 781 daAuts
     D:1: 718 daAuts
   Sewer: 479 daAuts
     D:5: 99 daAuts
  Temple: 91 daAuts
